 Dungeon Crawl Stone Soup version 0.18-a0-1551-g40744a8 (console) character file.

371 Liam the Magician (level 6, 36/36 HPs)
             Began as a High Elf Wizard on Mar 11, 2016.
             Drowned
             ... in a sewer.
             The game lasted 00:05:46 (4110 turns).

Liam the Magician (High Elf Wizard)                 Turns: 4110, Time: 00:05:47

Health: 36/36      AC:  6    Str:  6    XL:     6   Next: 42%
Magic:  14/14      EV: 12    Int: 23    God:
Gold:   165        SH:  0    Dex: 15    Spells: 5 memorised, 4 levels left

rFire  . . .     SeeInvis .     (no weapon)
rCold  . . .     Gourm    .     i - +1 robe {MR+}
rNeg   . . .     Faith    .     (no shield)
rPois  .         Spirit   .     b - +0 hat
rElec  .         Dismiss  .     e - +2 cloak
rCorr  +         Reflect  .     (no gloves)
SustAt .         Harm     .     (no boots)
MR     +....                    l - amulet of magic regeneration
Stlth  +.........               (no ring)
                                g - ring of resist corrosion

@: somewhat resistant to hostile enchantments, very unstealthy
A: no striking features
a: no special abilities


You were in a sewer.
You were hungry.

You visited 1 branch of the dungeon, and saw 4 of its levels.
You also visited: Sewer.

You collected 165 gold pieces.

Inventory:

Armour
 b - a +0 hat (worn)
 e - a +2 cloak (worn)
 i - a +1 robe of magic resistance (worn)
Jewellery
 g - a ring of resist corrosion (left hand)
 l - an amulet of magic regeneration (around neck)
Scrolls
 m - 5 scrolls of identify {unknown}
 n - 2 scrolls of remove curse {unknown}
 v - a scroll of teleportation {unknown}
 x - a scroll of blinking {unknown}
Potions
 a - a potion of heal wounds
 f - a potion of flight
 k - 4 potions of lignification {unknown}
 o - a potion of agility {unknown}
 q - 2 potions of might {unknown}
 s - a potion of ambrosia {unknown}
 t - 2 potions of brilliance {unknown}
 w - 3 potions of degeneration {unknown}
 z - a potion of curing {unknown}
Books
 c - a book of Minor Magic

   Spells                             Type                      Level
   a - Magic Dart                     Conjuration                  1
   b - Blink                          Translocation                2
   c - Call Imp                       Summoning                    2
   d - Repel Missiles                 Charms/Air                   2
   e - Slow                           Hexes                        2
   f - Conjure Flame                  Conjuration/Fire             3
   g - Mephitic Cloud                 Conjuration/Poison/Air       3
 r - a Grand Grimoire

   Spells                             Type                      Level
   a - Monstrous Menagerie            Summoning                    7
   b - Summon Greater Demon           Summoning                    7
   c - Malign Gateway                 Summoning/Translocation      7
   d - Summon Horrible Things         Summoning                    8
Comestibles
 d - 4 bread rations
 h - a royal jelly


   Skills:
 - Level 2.1 Dodging
 - Level 2.1 Stealth
 + Level 5.1 Spellcasting
 + Level 3.9 Conjurations
 + Level 2.1 Charms
   Level 0.8 Summonings
 + Level 2.1 Translocations
 + Level 1.9 Fire Magic
 + Level 1.7 Air Magic
 + Level 1.3 Poison Magic


You had 4 spell levels left.
You knew the following spells:

 Your Spells              Type           Power        Failure   Level  Hunger
a - Magic Dart            Conj           ###.         1%          1    None
b - Blink                 Tloc           N/A          10%         2    None
d - Mephitic Cloud        Conj/Pois/Air  ###.....     12%         3    ##.....
e - Conjure Flame         Conj/Fire      ###.....     10%         3    ##.....
m - Repel Missiles        Chrm/Air       ##....       10%         2    None


Dungeon Overview and Level Annotations

Branches:
Dungeon (4/15)
 Temple: D:4-7

Altars:
Nemelex Xobeh


Message History

Partly explored, can't reach some places.
Read which item? (? for menu, Esc to quit)
Okay, then.
Drink which item? (? for menu, Esc to quit)
Okay, then.
Put on which piece of jewellery? (? for menu, Esc to quit)
Okay, then.
Drink which item? (? for menu, Esc to quit)
It was a potion of heal wounds.
You feel much better.
Drink which item? (? for menu, Esc to quit)
It was a potion of flight.
You feel very buoyant.
You fly up into the air.
Drink which item? (? for menu, Esc to quit)
Okay, then.
Careful!
You are starting to lose your buoyancy.
You float gracefully downwards.
You fall into the water!
You sink like a stone!
You drown...
You die...

### #≈#
##≈# #≈≈#
#≈## ##≈#
#≈@##
#≈≈≈#
#≈≈≈#
#≈≈≈#
#≈≈≈#
##≈≈≈##
#.≈≈≈.#
#.≈≈≈.###
#.≈≈≈..∩#


There were no monsters in sight!

Vanquished Creatures
  A big kobold (Sewer)
  Blork the orc (D:4)
  An orc wizard (D:3)
  2 iguanas
  3 river rats
  3 adders (D:2)
  2 oozes
  2 worms
  2 dart slugs (D:1)
  3 giant geckos (D:1)
  2 orcs (D:3)
  10 bats
  3 giant cockroaches
  4 goblins
  10 hobgoblins
  10 jackals
  2 quokkas (D:3)
  3 ball pythons
  2 giant newts
  11 kobolds
  7 rats
84 creatures vanquished.

Notes
Turn   | Place    | Note
--------------------------------------------------------------
     0 | D:1      | Liam the High Elf Wizard began the quest for the Orb.
     0 | D:1      | Reached XP level 1. HP: 11/11 MP: 6/6
   262 | D:1      | Reached XP level 2. HP: 17/17 MP: 2/7
   283 | D:1      | Learned a level 2 spell: Blink
   286 | D:1      | Learned a level 2 spell: Repel Missiles
   296 | D:1      | Reached skill level 4 in Spellcasting
   888 | D:1      | Reached XP level 3. HP: 21/21 MP: 7/9
  2046 | D:2      | Learned a level 3 spell: Conjure Flame
  2050 | D:2      | Learned a level 3 spell: Mephitic Cloud
  2239 | D:2      | Reached XP level 4. HP: 24/27 MP: 6/11
  2457 | D:2      | Found a sparkling altar of Nemelex Xobeh.
  2956 | D:3      | Found a faded altar to an unknown god.
  3258 | D:3      | Reached skill level 1 in Charms
  3258 | D:3      | Reached XP level 5. HP: 8/31 MP: 2/13
  3480 | D:3      | Reached skill level 1 in Fire Magic
  3753 | D:4      | Noticed Blork the orc
  3771 | D:4      | Killed Blork the orc
  3771 | D:4      | Reached skill level 5 in Spellcasting
  3771 | D:4      | Reached skill level 1 in Air Magic
  3771 | D:4      | Reached skill level 1 in Poison Magic
  3839 | D:4      | Reached XP level 6. HP: 36/36 MP: 4/14
  3850 | D:4      | Found a glowing drain.
  3899 | Sewer    | Entered a sewer
  4051 | Sewer    | Found a glowing silver altar of Zin.
  4110 | Sewer    | Drowned

Vault maps used:
D:1:      minmay_arrival_loop, kennysheep_nondescript, minmay_distorted
D:2:      minmay_door_path, marbit_many_paths
D:3:      first_bread, ecumenical_altar_2
D:4:      portal_sewer_entry_b, st_stairs_3, uniq_pikel, uniq_blork_the_orc
Sewer:    sewer_kobolds

Skill      XL: |  1  2  3  4  5  6 |
---------------+-------------------+-----
Spellcasting   | 4 5 |  5.1
Conjurations   | 2 3 |  3.9
Charms         | 1 2 |  2.1
Fire Magic     | 1 |  1.9
Air Magic      | 1 |  1.7
Poison Magic   | 1 |  1.3
Translocations | 2 |  2.1
Dodging        | |  2.1
Stealth        | |  2.1
Summonings     | |  0.8

Action                   |  1- 3 |  4- 6 || total
-------------------------+-------+-------++-------
Melee: Unarmed           |    18 |       ||    18
 Cast: Magic Dart        |   110 |   148 ||   258
       Mephitic Cloud    |       |     3 ||     3
       Conjure Flame     |       |     1 ||     1
  Use: Scroll            |       |     5 ||     5
       Potion            |       |     2 ||     2
  Eat: Chunk             |     1 |     3 ||     4
       Meat ration       |     1 |       ||     1
